Map: [ESL] Glittering Ashes

Players

Reynor - Winner!

  • Race: Zerg Zerg

Serral

  • Race: Zerg Zerg

Event: IEM Katowice 2022

VOD

https://youtu.be/9_MuUGXyJ28

Description

Time

  • Played on: Feb. 27, 2022, 7:29 a.m.
  • Length: 9:53

All games in this series

Show
View Real Time Build Order
Export as new Build Order

Reynor Zerg - Winner!

Build Orders: Hatch First, Lurkers 

Get SALT Encoding   

  12  0:00  Drone  
  13  0:11  Overlord  
  13  0:16  Drone  
  14  0:30  Drone x2  
  16  0:45  Drone  
  17  0:50  Hatchery  
  17  0:54  Drone  
  17  0:57  Drone  
  18  1:08  Extractor  
  17  1:12  Spawning Pool  
  17  1:15  Drone  
  17  1:17  Drone  
  18  1:27  Drone  
  19  1:38  Drone  
  20  1:48  Drone  
  21  1:59  Overlord  
  21  2:02  Queen x2  
  21  2:03  Drone  
  26  2:10  Zergling x2  
  26  2:12  Metabolic Boost  
  26  2:13  Drone  
  28  2:21  Drone  
  29  2:24  Drone  
  30  2:33  Hatchery, Drone  
  30  2:36  Drone  
  31  2:42  Baneling Nest  
  30  2:47  Drone x2  
  32  2:57  Overlord  
  32  2:59  Drone  
  32  3:03  Drone  
  34  3:08  Drone  
  34  3:10  Zergling x2  
  36  3:14  Evolution Chamber  
  36  3:16  Zergling x4  
  36  3:17  Drone x4  
  41  3:22  Queen  
  41  3:26  Overlord  
  43  3:29  Drone  
  44  3:44  Drone  
  44  3:45  Drone x6  
  51  3:54  Zergling x2  
  51  3:55  Zergling x2  
  53  3:57  Overlord  
  53  3:58  Drone x2  
  53  4:00  Baneling  
  55  4:04  Drone  
  55  4:06  Roach Warren, Drone  
  55  4:09  Drone  
  57  4:13  Lair  
  57  4:15  Extractor  
  57  4:16  Drone x2, Extractor  
  57  4:19  Drone x2  
  57  4:21  Drone  
  60  4:26  Drone x2  
  60  4:28  Overlord  
  60  4:29  Extractor  
  60  4:31  Roach Warren  
  60  4:32  Drone  
  60  4:33  Drone x3  
  60  4:38  Overlord  
  64  4:39  Drone  
  64  4:41  Drone  
  66  4:47  Overlord  
  66  4:51  Drone x5  
  66  4:52  Drone  
  71  4:53  Drone  
  71  4:54  Drone, Extractor  
  71  4:55  Extractor  
  71  5:00  Zerg Melee Weapons Level 1  
  71  5:01  Overlord  
  71  5:08  Drone x5  
  71  5:13  Overlord  
  76  5:17  Drone x2  
  76  5:19  Drone x2, Queen x2  
  76  5:21  Evolution Chamber  
  83  5:24  Infestation Pit, Queen  
  84  5:30  Drone  
  85  5:39  Zergling x10  
  85  5:41  Zergling x4  
  92  5:48  Overlord  
  92  5:49  Zergling x6  
  95  5:51  Hatchery  
  95  5:52  Zerg Ground Armor Level 1  
  94  5:59  Baneling x8  
  94  6:00  Queen  
  94  6:02  Queen  
  98  6:12  Zergling x2  
  98  6:13  Zergling x16  
  107  6:18  Hive  
  107  6:19  Overlord  
  107  6:32  Overlord  
  106  6:35  Drone x2  
  106  6:37  Hydralisk Den  
  106  6:38  Queen  
  109  6:42  Drone x4  
  109  6:43  Drone x2  
  109  6:44  Overlord  
  108  6:54  Overlord  
  107  7:02  Drone x2  
  107  7:06  Zergling x18  
  118  7:13  Overlord  
  117  7:21  Hydralisk x5, Spine Crawler  
  118  7:23  Lurker Den  
  118  7:26  Hydralisk x4, Lurker Den, Spine Crawler  
  118  7:28  Queen  
  125  7:32  Overlord  
  125  7:35  Hydralisk  
  125  7:36  Hydralisk x5  
  137  7:41  Overlord  
  137  7:42  Overlord  
  137  7:51  Overlord  
  137  7:55  Spine Crawler x2  
  137  7:57  Zergling x2  
  137  7:58  Hydralisk, Zergling x14  
  141  8:02  Hydralisk  
  145  8:08  Hydralisk x3  
  150  8:16  Overlord  
  150  8:21  Overlord  
  150  8:25  Seismic Spines, Adaptive Talons  
  150  8:26  Lurker x5  
  140  8:35  Zergling x12  
  140  8:38  Zergling x6  
  139  8:43  Zergling x2  
  139  8:47  Zergling x2  
  136  8:50  Zergling x2  
  136  8:52  Hatchery  
  133  8:59  Lurker x6  
  133  9:00  Lurker x2  
  140  9:03  Lurker x2  
  140  9:05  Zergling x4  
  143  9:17  Zergling x4  
  145  9:27  Zergling x4  
  146  9:33  Zergling x4  
Show
View Real Time Build Order
Export as new Build Order

Serral Zerg 

Build Orders: Hatch First 

Get SALT Encoding   

  12  0:00  Drone  
  13  0:12  Overlord  
  13  0:16  Drone  
  14  0:30  Drone x2  
  16  0:47  Hatchery  
  15  0:50  Drone  
  15  0:53  Drone  
  15  0:56  Drone  
  18  1:08  Extractor  
  17  1:12  Spawning Pool  
  17  1:15  Drone  
  17  1:18  Drone  
  18  1:27  Drone  
  19  1:38  Drone  
  20  1:57  Drone  
  20  1:58  Queen x2  
  20  1:59  Overlord, Zergling x2  
  26  2:09  Drone  
  26  2:10  Drone  
  26  2:11  Metabolic Boost  
  28  2:20  Drone  
  28  2:21  Drone  
  30  2:30  Drone  
  30  2:31  Drone  
  32  2:37  Hatchery  
  32  2:42  Drone  
  32  2:45  Baneling Nest  
  32  2:48  Overlord  
  31  2:54  Drone  
  32  3:01  Drone  
  32  3:03  Queen  
  32  3:05  Zergling x2  
  35  3:11  Drone x2  
  35  3:12  Drone, Overlord  
  38  3:15  Zergling x2  
  38  3:17  Zergling x2  
  41  3:20  Zergling x2  
  41  3:23  Drone  
  41  3:26  Drone, Evolution Chamber  
  42  3:31  Zergling x2  
  43  3:36  Drone  
  43  3:41  Drone x5  
  49  3:42  Drone  
  49  3:44  Drone  
  49  3:46  Extractor  
  50  3:55  Lair  
  50  3:59  Zerg Missile Weapons Level 1  
  50  4:01  Roach Warren  
  50  4:02  Overlord  
  49  4:04  Drone  
  49  4:06  Drone  
  49  4:07  Drone  
  49  4:09  Drone  
  53  4:13  Drone x2  
  55  4:17  Overlord  
  55  4:19  Drone x2  
  55  4:22  Overlord  
  57  4:24  Drone  
  57  4:27  Overlord  
  57  4:28  Drone  
  57  4:30  Drone  
  61  4:31  Drone  
  61  4:34  Baneling  
  61  4:35  Zergling x2  
  62  4:39  Drone, Extractor  
  62  4:40  Drone, Extractor  
  62  4:41  Zergling x2  
  63  4:47  Drone x3  
  65  4:54  Drone x2  
  65  4:55  Drone x2, Spire  
  68  5:00  Drone  
  68  5:03  Drone  
  68  5:04  Drone x2  
  72  5:07  Drone  
  72  5:08  Drone x2, Extractor x2  
  73  5:15  Overseer  
  73  5:16  Drone  
  73  5:19  Drone x5  
  73  5:20  Glial Reconstitution  
  79  5:23  Overlord x2  
  78  5:33  Hatchery  
  77  5:36  Roach x3  
  77  5:41  Overlord  
  83  5:43  Queen  
  83  5:45  Queen  
  83  5:48  Queen  
  93  5:57  Roach x4  
  93  5:59  Overlord  
  93  6:01  Overlord  
  97  6:14  Roach x4  
  105  6:21  Baneling  
  104  6:27  Overlord  
  104  6:36  Baneling  
  104  6:41  Corruptor x8  
  104  6:45  Queen x3  
  126  6:48  Evolution Chamber  
  126  6:52  Corruptor  
  124  6:57  Drone  
  124  7:04  Overlord  
  124  7:05  Overlord  
  124  7:19  Roach x2  
  124  7:20  Overlord x3  
  124  7:21  Overlord x6  
  128  7:29  Pneumatized Carapace  
  128  7:30  Overseer  
  128  7:34  Roach x4  
  128  7:35  Roach  
  138  7:45  Roach x7  
  152  7:51  Infestation Pit  
  152  7:57  Drone  
  152  8:00  Roach x3  
  152  8:02  Hatchery  
  155  8:18  Roach x9  
  161  8:37  Roach  
  161  8:38  Roach x8  
  171  8:43  Spore Crawler  
  171  8:44  Hatchery  
  147  8:56  Roach x5  
  147  8:57  Queen  
  160  9:05  Queen  
  162  9:11  Overseer  
  162  9:18  Roach x3  
  162  9:19  Roach x3  
  174  9:24  Hydralisk Den  

Tags
 
Add a new tag
Caveats
  • Supply blocks, unpowered buildings, or Contaminate may cause inaccurate times.
  • Supply counts are checked every 10 seconds.